 Dungeon Crawl Stone Soup version 0.30-a0-50-gb2d611f6b1 (webtiles) character file.

Game seed: 1282871085309737938

20 timneilson the Covered (level 2, -6/19 HPs)
             Began as a Gargoyle Fighter on Sept 3, 2022.
             Mangled by a worm (7 damage)
             ... on level 2 of the Dungeon.
             The game lasted 00:01:00 (1123 turns).

timneilson the Covered (Gargoyle Fighter)           Turns: 1123, Time: 00:01:00

Health: -6/19      AC: 13    Str: 25    XL:     2   Next: 79%
Magic:  2/2        EV:  9    Int:  8    God:
Gold:   8          SH:  4    Dex:  9    Spells: 1/1 levels left

rFire   . . .      SeeInvis .    a - +0 long sword
rCold   . . .      Faith    .    c - +0 buckler
rNeg    + . .      Spirit   .    b - +0 scale mail
rPois   ∞          Reflect  .    (no helmet)
rElec   +          Harm     .    (no cloak)
rCorr   .          Rampage  .    (no gloves)
Will    .....                    (no boots)
Stlth   ..........               (no amulet)
HPRegen 0.06/turn                e - +6 ring of strength
MPRegen 0.08/turn                f - +4 ring of protection

@: no status effects
A: sickness immunity, AC +2, negative energy resistance 1, electricity
resistance, torment resistance 1, petrification resistance
a: no special abilities


You were on level 2 of the Dungeon.
You visited 1 branch of the dungeon, and saw 2 of its levels.

You collected 8 gold pieces.

Inventory:

Hand Weapons
 a - a +0 long sword (weapon)
Armour
 b - a +0 scale mail (worn)
 c - a +0 buckler (worn)
Jewellery
 e - a +6 ring of strength (left hand)
 f - a +4 ring of protection (right hand)
Potions
 d - a potion of might


   Skills:
 + Level 3.4 Fighting
 * Level 2.2 Long Blades
 * Level 3.6 Armour
 + Level 0.2 Dodging
 * Level 3.5 Shields


You had one spell level left.
You didn't know any spells.
Your spell library contained the following spells:

 Spells                   Type           Power      Damage    Failure   Level
 Magic Dart               Conj           0%         1d3       80%         1
 Searing Ray              Conj           0%         2d4       90%         2
 Fulminant Prism          Conj/Hex       0%         3d6       100%        4


Dungeon Overview and Level Annotations

Branches:
Dungeon (2/15)

Altars:


Innate Abilities, Weirdness & Mutations

You are immune to sickness and miasma.
Your stone body is resilient. (AC +2)
You are immune to poison.
You resist negative energy. (rN+)
You are resistant to electric shocks. (rElec)
You are resistant to unholy torment.
You are immune to petrification.


Message History

You feel forgetful for a moment.
There is a stone staircase leading down here.
You climb downwards.
Found 13 gold pieces.
Found a stone staircase leading down.
There is a stone staircase leading up here.
Found an escape hatch in the floor.
Found a flail.
A worm comes into view.
You see here a +4 ring of protection.
f - a +4 ring of protection
f - a +4 ring of protection (right hand)
You barely miss the worm. The worm closely misses you.
You hit the worm but do no damage. The worm closely misses you.
You hit the worm.
The worm is lightly wounded.
The worm bites you!
You barely miss the worm.
The worm is lightly wounded.
You slash the worm!
The worm is heavily wounded.
The worm bites you but does no damage.
You barely miss the worm.
The worm is heavily wounded.
The worm bites you but does no damage.
You hit the worm but do no damage.
The worm is heavily wounded.
The worm bites you.
You barely miss the worm.
The worm is moderately wounded.
The worm bites you!
* * * LOW HITPOINT WARNING * * *
You hit the worm but do no damage.
The worm is moderately wounded.
You barely miss the worm.
The worm is moderately wounded.
The worm bites you but does no damage.
You barely miss the worm.
The worm is moderately wounded.
The worm bites you!
You die...

#<#......#
#.#.....#..# #
#..........###.#
######...#.#..).
..............#
#######.#.....#####
#.#..........
#.##.........
#....@w......
####.#####.## #.# .
#.# #.# #.# ..# ..


You could see a worm.

Vanquished Creatures
  An endoplasm (D:1)
  A giant cockroach (D:1)
  2 hobgoblins (D:1)
  A kobold (D:1)
  3 quokkas (D:1)
  5 ball pythons (D:1)
  2 frilled lizards (D:1)
  5 rats (D:1)
20 creatures vanquished.

Notes
Turn   | Place    | Note
-------+----------+-------------------------------------------
     0 | D:1      | timneilson the Gargoyle Fighter began the quest for the
                  | Orb.
     0 | D:1      | Reached XP level 1. HP: 14/14 MP: 1/1
   372 | D:1      | Reached XP level 2. HP: 19/19 MP: 2/2
  1123 | D:2      | Mangled by a worm

Illustrated notes

Levels and vault maps discovered:
D:1:      mainiacjoe_arrival_reflecting_pool, layout_basic
D:2:      layout_basic, minmay_misc_feat_square, minmay_gold_behind_fungi,
          minmay_pentomino_u2

Skill      XL: |  1 |
---------------+----+-----
Long Blades    | 2 |  2.2
Fighting       | |  3.4
Armour         | |  3.6
Dodging        | |  0.2
Shields        | |  3.5

Action                   || total
-------------------------++-------
Melee: Long sword        ||    71
  Use: Scroll            ||     1
Armor: Scale mail        ||    37
Dodge: Dodged            ||    27
Block: Buckler           ||    14

Table legend: (Time is in decaauts)
 A = Elapsed time spent in this place.
 B = Non-inter-level travel time spent in this place.
 C = Inter-level travel time spent in this place.
 D = Time resting spent in this place.
 E = Time spent auto-exploring this place.
 F = Levels seen in this place.
 G = Mean time per level.
                   A        B        C        D        E       F      G
               +--------+--------+--------+--------+--------+-----+--------+
         Total |   1145 |   1124 |     21 |      0 |    952 |   2 |  572.5 |
       Dungeon |   1145 |   1124 |     21 |      0 |    952 |   2 |  572.5 |
               +--------+--------+--------+--------+--------+-----+--------+

Top non-repeatable levels by time:
     D:1: 1122 daAuts
     D:2: 23 daAuts
